[Event "Early Titled Tuesday Blitz | February 8 2022"]
[White "Kuzmin, Roman"]
[Black "Khoroshev, Nikita"]
[WhiteFideId "44134932"]
[BlackFideId "14200287"]
[WhiteElo "1978"]
[BlackElo "2354"]
[Result "0-1"]
[Round "04"]
[TimeControl "180+1"]
[Date "2022.02.08"]
[WhiteClock "0:00:24"]
[BlackClock "0:00:08"]

1. e4 e5 2. Nf3 Nc6 3. Bb5 a6 4. Ba4 Nf6 5. O-O b5 6. Bb3 Bb7 7. Re1 Be7 8. d3 O-O 9. a4 d6 10. Nc3 b4 11. Ne2 Na5 12. Ba2 c5 13. Bd2 Bc8 14. c3 Rb8 15. cxb4 cxb4 16. Ng3 Be6 17. Bxe6 fxe6 18. d4 exd4 19. Nxd4 Qd7 20. Rc1 Rfc8 21. Rxc8+ Qxc8 22. e5 dxe5 23. Rxe5 Nc4 24. Rxe6 Bc5 25. Rc6 Qd7 26. Ngf5 Bxd4 27. Rxc4 Bxb2 28. Qb3 Kh8 29. Qxb2 Qxf5 30. h3 a5 31. Bf4 Re8 32. Be3 h6 33. Rc5 Qd3 34. Rxa5 b3 35. Rb5 Qd1+ 36. Kh2 Qd6+ 37. g3 Ne4 38. Rxb3 Re7 39. Bf4 Qd5 40. Rb8+ Kh7 41. Rb5 Qf7 42. Qb1 g5 43. Re5 Rxe5 44. Bxe5 Qxf2+ 45. Kh1 Qf3+ 46. Kg1 Qe3+ 47. Kf1 Qf3+ 48. Kg1 Qf5 49. Bd4 Nxg3 50. Qxf5+ Nxf5 51. Bc5 Ng3 52. a5 Ne4 53. a6 Nxc5 54. a7 Ne6 55. a8=Q Nf4 56. Qb7+ Kg6 57. Kh2 Kh5 58. Qf3+ Kg6 59. h4 Kg7 60. hxg5 hxg5 61. Qg4 Kf6 62. Qc8 Ng6 63. Kg3 Ne5 64. Qd8+ Kf5 65. Qf8+ Ke6 66. Kf2 Ng4+ 67. Kf3 Nf6 68. Qg7 Kf5 69. Qf7 g4+ 70. Kg3 Kg5 71. Qe6 Nh5+ 72. Kg2 Nf4+ 73. Kg3 Nxe6 74. Kf2 Kf5 75. Kg2 Ng5 76. Kg1 Ne4 77. Kf1 Kf4 78. Kg2 g3 79. Kg1 Kf3 80. Kf1 Nf2 81. Kg1 Nh3+ 82. Kh1 g2+ 83. Kh2 g1=Q+ 84. Kxh3 Qg3# 0-1


[Site "https://www.chess.com"]

[Event "Early Titled Tuesday Blitz | February 8 2022"]
[White "Lakshmi C"]
[Black "Winkels, Marcel"]
[WhiteFideId "25035347"]
[BlackFideId "1003887"]
[WhiteElo "1775"]
[BlackElo "1900"]
[Result "1-0"]
[Round "04"]
[TimeControl "180+1"]
[Date "2022.02.08"]
[WhiteClock "0:02:13"]
[BlackClock "0:01:01"]

1. d4 Nf6 2. c4 c5 3. Nf3 cxd4 4. Nxd4 e5 5. Nf3 Nc6 6. Nc3 d5 7. cxd5 e4 8. dxc6 Qxd1+ 9. Nxd1 exf3 10. cxb7 Bxb7 11. gxf3 O-O-O 12. Bf4 Bb4+ 13. Nc3 Nd5 14. Bd2 Nxc3 15. bxc3 Bc5 16. e4 f5 17. Bh3 g6 18. Bg5 Rd3 19. Bg2 Rxc3 20. Bf6 Bxf2+ 21. Kxf2 Rc2+ 22. Kg3 Rf8 23. Rhc1 Rxc1 24. Rxc1+ Kd7 25. Be5 Bc6 26. exf5 Rxf5 27. Bh3 1-0


[Site "https://www.chess.com"]

[Event "Early Titled Tuesday Blitz | February 8 2022"]
[White "Lazavik, Denis"]
[Black "Iskusnyh, Sergei"]
[WhiteFideId "13515110"]
[BlackFideId "4120027"]
[WhiteElo "2436"]
[BlackElo "2492"]
[Result "1-0"]
[Round "04"]
[TimeControl "180+1"]
[Date "2022.02.08"]
[WhiteClock "0:00:06"]
[BlackClock "0:00:04"]

1. d4 d5 2. c4 c6 3. Nf3 Nf6 4. Nc3 e6 5. Bg5 Nbd7 6. cxd5 exd5 7. e3 Be7 8. Qc2 Nh5 9. Bxe7 Qxe7 10. O-O-O Nb6 11. h3 Bd7 12. Kb1 O-O-O 13. Bd3 Kb8 14. Rc1 Nf6 15. Ne5 Ne8 16. Na4 Nxa4 17. Qxa4 Nd6 18. Rc3 f6 19. Nxd7+ Rxd7 20. Ra3 Nc8 21. Rc1 g6 22. Rc5 f5 23. g3 Re8 24. b4 Rc7 25. Rac3 Nb6 26. Qb3 Nd7 27. Ra5 Nb6 28. Rc2 Rd8 29. Rac5 Nd7 30. R5c3 Nb6 31. b5 Rdc8 32. bxc6 Rxc6 33. Rxc6 Rxc6 34. Rxc6 bxc6 35. a4 Kc7 36. a5 Nc8 37. Kc2 Nd6 38. Qb4 Qd8 39. Qc5 Qb8 40. Kd2 Kd7 41. Ke2 Qb2+ 42. Kf3 Qb7 43. Kg2 Kc7 44. g4 fxg4 45. hxg4 Kd7 46. Qc1 Qb8 47. Qh1 Qg8 48. Qh3 Qf7 49. Qg3 g5 50. Qh3 Ne4 51. f3 Nf6 52. Bf5+ Kc7 53. Qg3+ Kb7 54. Qd6 h5 55. Qd8 Ka6 56. Qd6 Kb5 57. Qc5+ Ka4 58. a6 1-0


[Site "https://www.chess.com"]

[Event "Early Titled Tuesday Blitz | February 8 2022"]
[White "Le Ruyet, Leopold"]
[Black "Kovalev, Vladislav"]
[WhiteFideId "645923"]
[BlackFideId "13504398"]
[WhiteElo "2276"]
[BlackElo "2530"]
[Result "0-1"]
[Round "04"]
[TimeControl "180+1"]
[Date "2022.02.08"]
[WhiteClock "0:00:11"]
[BlackClock "0:00:16"]

1. d4 Nf6 2. Nf3 g6 3. g3 Bg7 4. Bg2 O-O 5. O-O d6 6. Re1 d5 7. Nbd2 Bf5 8. Nh4 Be6 9. c3 c6 10. e4 dxe4 11. Nxe4 Nxe4 12. Bxe4 Bd5 13. Qf3 e6 14. Bxd5 cxd5 15. Ng2 b5 16. Nf4 Nc6 17. Nd3 a5 18. Bf4 b4 19. Nc5 Qe7 20. Qd3 Rfc8 21. Rac1 bxc3 22. bxc3 a4 23. Rb1 Na5 24. Nxa4 Nc4 25. Rb4 Rc6 26. Reb1 h5 27. Nc5 Rxa2 28. Rb7 Qf6 29. Rb8+ Kh7 30. R1b7 Rxc5 31. dxc5 e5 32. Rb6 Nxb6 33. Rxb6 Qd8 34. Be3 d4 35. cxd4 exd4 36. Rd6 Ra1+ 37. Kg2 Qa8+ 38. f3 dxe3 39. Qxe3 Ra2+ 40. Kh3 Qc8+ 41. g4 hxg4+ 42. fxg4 Rc2 43. Rd5 Rc3 44. Rd3 Rxd3 45. Qxd3 Qxc5 46. Kg2 Be5 47. Qe4 Kg7 48. h3 Qd4 0-1


[Site "https://www.chess.com"]

[Event "Early Titled Tuesday Blitz | February 8 2022"]
[White "Lehtosaari, Mauri"]
[Black "De Souza, Cristiano Gomes"]
[WhiteFideId "501999"]
[BlackFideId "2151758"]
[WhiteElo "2460"]
[BlackElo "2068"]
[Result "1-0"]
[Round "04"]
[TimeControl "180+1"]
[Date "2022.02.08"]
[WhiteClock "0:00:22"]
[BlackClock "0:00:18"]

1. d4 Nf6 2. Nf3 g6 3. Bg5 Bg7 4. Nbd2 d6 5. c3 O-O 6. e3 Nbd7 7. Bc4 b6 8. O-O Bb7 9. Qc2 h6 10. Bh4 c5 11. dxc5 Nxc5 12. Rad1 Rc8 13. a3 Nce4 14. Bxf6 Nxd2 15. Nxd2 Bxf6 16. Qxg6+ Bg7 17. Qd3 Qd7 18. Ba2 Qg4 19. f3 Qh5 20. Bb1 f5 21. Rfe1 Kh8 22. Nf1 Rf6 23. Ng3 Qg6 24. Nxf5 Bxf3 25. Nh4 Qxd3 26. Rxd3 Be4 27. Rd2 Bxb1 28. Rxb1 Rcf8 29. Nf3 Rg6 30. Rf1 Kh7 31. Rdf2 Rgf6 32. Nd4 Rxf2 33. Rxf2 Rxf2 34. Kxf2 Bxd4 35. cxd4 Kg6 36. Kf3 Kf5 37. e4+ Kf6 38. Kf4 e5+ 39. dxe5+ dxe5+ 40. Kg4 Kg6 41. g3 h5+ 42. Kh4 Kh6 43. h3 Kg6 44. g4 hxg4 45. hxg4 b5 46. b4 a6 47. g5 Kg7 48. Kh5 Kh7 49. g6+ Kg7 50. Kg5 Kg8 51. Kf5 Kg7 52. Kxe5 Kxg6 53. Kd6 Kf6 54. e5+ Kf5 55. e6 Ke4 56. e7 Kd3 57. e8=Q Kc3 58. Qc6+ Kb3 59. Qxa6 1-0


[Site "https://www.chess.com"]

[Event "Early Titled Tuesday Blitz | February 8 2022"]
[White "Ljukin, Sergei"]
[Black "parintele_chess"]
[WhiteFideId "14102200"]
[WhiteElo "2312"]
[BlackElo "2237"]
[Result "1-0"]
[Round "04"]
[TimeControl "180+1"]
[Date "2022.02.08"]
[WhiteClock "0:00:18"]
[BlackClock "0:00:12"]

1. e4 e5 2. Nf3 Nc6 3. Bb5 a6 4. Ba4 Nf6 5. Qe2 Be7 6. c3 O-O 7. O-O d5 8. d3 Bg4 9. h3 Bh5 10. g4 Bg6 11. Bxc6 bxc6 12. Nxe5 dxe4 13. Nxg6 hxg6 14. dxe4 Bc5 15. Be3 Qe7 16. Nd2 Rfe8 17. Rfe1 Rab8 18. Bxc5 Qxc5 19. Nb3 Qe5 20. f3 Nd5 21. Qf1 Nf4 22. Rab1 a5 23. Nd4 Qc5 24. Kh2 Red8 25. Red1 Rb6 26. Qf2 Qe5 27. Qg3 g5 28. b3 Qf6 29. Nf5 Rxd1 30. Rxd1 Rb8 31. h4 Rd8 32. hxg5 Qxg5 33. Rxd8+ Qxd8 34. Qxf4 1-0


[Site "https://www.chess.com"]

[Event "Early Titled Tuesday Blitz | February 8 2022"]
[White "Loay, Sameer"]
[Black "Sarkar, Justin"]
[WhiteFideId "8104239"]
[BlackFideId "2010011"]
[WhiteElo "2040"]
[BlackElo "2038"]
[Result "1-0"]
[Round "04"]
[TimeControl "180+1"]
[Date "2022.02.08"]
[WhiteClock "0:02:40"]
[BlackClock "0:00:02"]

1. Nf3 d5 2. g3 Bf5 3. Bg2 e6 4. O-O c6 5. d3 Nd7 6. Nbd2 h6 7. e4 Bh7 8. Qe2 Bd6 9. b3 Ne7 10. Bb2 O-O 11. Rfe1 a5 12. a4 b5 13. axb5 cxb5 14. exd5 Nxd5 15. Nd4 Nc7 16. Bxa8 Qxa8 17. Qf3 Qa6 18. Qc6 Qxc6 19. Nxc6 a4 20. bxa4 bxa4 21. Bxg7 1-0


[Site "https://www.chess.com"]

[Event "Early Titled Tuesday Blitz | February 8 2022"]
[White "Lopez Del Alamo, Antonio"]
[Black "Kovanova, Baira"]
[WhiteFideId "2227339"]
[BlackFideId "4164083"]
[WhiteElo "2082"]
[BlackElo "2190"]
[Result "1-0"]
[Round "04"]
[TimeControl "180+1"]
[Date "2022.02.08"]
[WhiteClock "0:01:45"]
[BlackClock "0:00:58"]

1. e4 e5 2. Bc4 Nf6 3. d3 Nc6 4. Nc3 Bc5 5. f4 d6 6. Nf3 Be6 7. Bb5 exf4 8. d4 Bb4 9. d5 Nxe4 10. dxc6 Nxc3 11. bxc3 Bxc3+ 12. Bd2 Bxd2+ 13. Qxd2 b6 14. Qxf4 O-O 15. O-O Qe8 16. Rae1 a6 17. Bd3 Qxc6 18. Kh1 Qc5 19. Ng5 h6 20. Qe4 1-0


[Site "https://www.chess.com"]

[Event "Early Titled Tuesday Blitz | February 8 2022"]
[White "Lorparizangeneh, Shahin"]
[Black "Jarocka, Liwia"]
[WhiteFideId "12521604"]
[BlackFideId "21807558"]
[WhiteElo "2525"]
[BlackElo "1896"]
[Result "1-0"]
[Round "04"]
[TimeControl "180+1"]
[Date "2022.02.08"]
[WhiteClock "0:01:00"]
[BlackClock "0:00:21"]

1. e4 c6 2. d4 d5 3. exd5 cxd5 4. Bd3 Nc6 5. c3 Nf6 6. Bf4 Bg4 7. Qb3 Qb6 8. Qxb6 axb6 9. Nd2 e6 10. Ngf3 Be7 11. Ne5 Nxe5 12. Bxe5 Bh5 13. Bb5+ Kf8 14. Bc7 Bd8 15. Be5 Bg6 16. O-O Ng4 17. Bg3 h5 18. h3 Nf6 19. a4 h4 20. Be5 Ne4 21. Nxe4 Bxe4 22. Rfe1 f6 23. Bd6+ Be7 24. Bc7 Bd8 25. Bxd8 Rxd8 26. a5 bxa5 27. Rxa5 Kf7 28. Ra7 Rb8 29. c4 Rhc8 30. c5 Kg6 31. Bd7 Rc7 32. Bxe6 Rd8 33. b4 Bd3 34. Bg4 Bc4 35. Re6 Kf7 36. Rb6 Rb8 37. c6 Ke7 1-0


[Site "https://www.chess.com"]

[Event "Early Titled Tuesday Blitz | February 8 2022"]
[White "Lucas, Arthur"]
[Black "Pakleza, Zbigniew"]
[WhiteFideId "26093073"]
[BlackFideId "1119290"]
[WhiteElo "2129"]
[BlackElo "2467"]
[Result "0-1"]
[Round "04"]
[TimeControl "180+1"]
[Date "2022.02.08"]
[WhiteClock "0:00:01"]
[BlackClock "0:00:16"]

1. Nf3 d5 2. b3 Nf6 3. Bb2 Bf5 4. d3 e6 5. Nh4 Bg6 6. Nd2 Nbd7 7. g3 Be7 8. Bg2 O-O 9. Nxg6 hxg6 10. O-O c6 11. e4 a5 12. a4 Qb6 13. Qe2 Bc5 14. Nf3 Rfd8 15. d4 Be7 16. e5 Nh7 17. h4 c5 18. dxc5 Nxc5 19. Bd4 Rac8 20. Rab1 Nf8 21. c3 Qc7 22. Ng5 Ncd7 23. f4 Nb8 24. h5 Nc6 25. hxg6 Nxg6 26. Qh5 Bxg5 27. Qxg5 Nxd4 28. cxd4 Qe7 29. Qh5 Rc3 30. Rf3 Rdc8 31. Rbf1 Qb4 32. f5 Qxd4+ 33. Kh2 Qxe5 34. Qg4 Rxf3 35. Rxf3 Nf8 36. f6 Ng6 37. fxg7 Kxg7 38. Bh3 Rh8 39. Kg2 Qe4 40. Qxe4 dxe4 41. Re3 f5 42. Rc3 Kf6 43. Rc7 f4 44. g4 Ne5 0-1


[Site "https://www.chess.com"]

[Event "Early Titled Tuesday Blitz | February 8 2022"]
[White "Madaminov, Mukhiddin"]
[Black "Shevchenko, Kirill"]
[WhiteFideId "14210703"]
[BlackFideId "14129574"]
[WhiteElo "1916"]
[BlackElo "2624"]
[Result "0-1"]
[Round "04"]
[TimeControl "180+1"]
[Date "2022.02.08"]
[WhiteClock "0:01:28"]
[BlackClock "0:01:08"]

1. d4 Nf6 2. Nc3 d5 3. Bf4 c5 4. e3 cxd4 5. exd4 a6 6. Nf3 Nc6 7. Ne5 e6 8. Nxc6 bxc6 9. Na4 Bd6 10. Bxd6 Qxd6 11. Bd3 O-O 12. O-O Rb8 13. c3 Nd7 14. b4 e5 15. dxe5 Nxe5 16. Re1 h6 17. Nc5 a5 18. a3 axb4 19. axb4 Bg4 20. Qd2 Ra8 21. Bf1 Qg6 22. Qf4 Rxa1 23. Rxa1 Nc4 24. Bxc4 dxc4 25. Qxc4 Bf3 26. Qf1 Re8 27. Kh1 Be2 28. Qb1 Qf6 29. Qe1 Kh7 30. Ra2 Qg6 31. h3 Bf3 32. Qf1 Re1 0-1


[Site "https://www.chess.com"]

[Event "Early Titled Tuesday Blitz | February 8 2022"]
[White "Mamontova, Anastasia"]
[Black "Shkapenko, Pavel"]
[WhiteFideId "34100234"]
[BlackFideId "4151933"]
[WhiteElo "1933"]
[BlackElo "2386"]
[Result "0-1"]
[Round "04"]
[TimeControl "180+1"]
[Date "2022.02.08"]
[WhiteClock "0:00:10"]
[BlackClock "0:00:18"]

1. d4 Nf6 2. c4 e6 3. Nc3 Bb4 4. e3 c5 5. Ne2 cxd4 6. exd4 O-O 7. a3 Be7 8. Nf4 d6 9. Bd3 Nc6 10. Bc2 e5 11. dxe5 dxe5 12. Nh5 Qxd1+ 13. Bxd1 Nxh5 14. Bxh5 Nd4 15. O-O Be6 16. Nd5 Bxd5 17. cxd5 Rfd8 18. Be3 Rxd5 19. Rac1 g6 20. Bd1 Rad8 21. Re1 Bf6 22. h3 h5 23. Bxd4 Rxd4 24. Bb3 R8d7 25. Re2 Kg7 26. g3 h4 27. Kg2 hxg3 28. Kxg3 Bg5 29. Rc3 Rd3+ 30. Kg2 Rxc3 31. bxc3 Bf4 32. a4 Kf6 33. Re4 Rd2 34. Rb4 b6 35. Rc4 Be3 36. Rc7 Rxf2+ 37. Kg3 Kg7 38. Rxa7 Rf6 39. Re7 Bf4+ 40. Kg2 g5 41. Bd5 Kf8 42. Rb7 Kg7 43. c4 Be3 44. Re7 Bd4 45. Kg3 Rf4 46. Rb7 Kg6 47. Re7 f6 48. Bf7+ Kh6 49. Be6 f5 50. Rf7 Kg6 51. Re7 Kf6 52. Re8 e4 53. Bd7 Rf1 54. Rf8+ Ke5 55. Re8+ Kd6 56. Bc8 Rf3+ 57. Kg2 Rf4 58. Rg8 Bf6 59. Rf8 Ke7 60. Rg8 Kf7 61. Be6+ Kxe6 62. Rb8 Bd4 63. Re8+ Kd7 64. Ra8 Rf2+ 65. Kg3 Rc2 66. Ra7+ Kc6 67. Rf7 Be5# 0-1


[Site "https://www.chess.com"]

[Event "Early Titled Tuesday Blitz | February 8 2022"]
[White "Manon-og, Ramon Jr."]
[Black "Dejmek, Mark"]
[WhiteFideId "5200776"]
[BlackFideId "2017628"]
[WhiteElo "2348"]
[BlackElo "2192"]
[Result "1-0"]
[Round "04"]
[TimeControl "180+1"]
[Date "2022.02.08"]
[WhiteClock "0:00:26"]
[BlackClock "0:00:07"]

1. e4 e5 2. Nf3 Nc6 3. Bc4 Bc5 4. c3 Nf6 5. O-O Nxe4 6. d4 d5 7. Bb5 exd4 8. cxd4 Be7 9. Ne5 Bd7 10. Nxd7 Qxd7 11. Nc3 O-O 12. Nxe4 dxe4 13. d5 Rad8 14. Be3 Qxd5 15. Qa4 a6 16. Bc4 Qh5 17. Qc2 Bd6 18. g3 Ne5 19. Qxe4 Rfe8 20. Bd5 c6 21. g4 Nxg4 22. Bxf7+ Kxf7 23. Qf3+ Kg8 24. h3 Nxe3 25. Qxh5 Nxf1 26. Rxf1 Bf8 27. b4 Rd5 28. Qxe8 1-0


[Site "https://www.chess.com"]

[Event "Early Titled Tuesday Blitz | February 8 2022"]
[White "Manukyan, Artyom"]
[Black "Pavlidou, Ekaterini"]
[WhiteFideId "13305786"]
[BlackFideId "4213262"]
[WhiteElo "2034"]
[BlackElo "2127"]
[Result "0-1"]
[Round "04"]
[TimeControl "180+1"]
[Date "2022.02.08"]
[WhiteClock "0:00:05"]
[BlackClock "0:00:50"]

1. e4 c5 2. Nf3 Nc6 3. d4 cxd4 4. Nxd4 e5 5. Nb5 d6 6. a4 Be6 7. N1c3 a6 8. Na3 Nf6 9. Bg5 Be7 10. Bxf6 Bxf6 11. Bc4 O-O 12. O-O Nd4 13. Ne2 Rc8 14. Nxd4 exd4 15. Bd3 d5 16. e5 Bxe5 17. Qh5 f5 18. Rae1 Qd6 19. f4 Bxf4 20. Rxe6 Bxh2+ 21. Qxh2 Qxe6 22. Qf4 Qe3+ 23. Qxe3 dxe3 24. Nb1 f4 25. Rf3 g5 26. Rh3 e2 27. Kf2 Rfe8 28. Ke1 Rc7 29. Rh5 Rg7 30. Nd2 Re3 31. a5 Rg3 32. Rh2 g4 33. Kf2 f3 0-1


[Site "https://www.chess.com"]

[Event "Early Titled Tuesday Blitz | February 8 2022"]
[White "Martinez Lopez, David"]
[Black "Maltsevskaya, Aleksandra"]
[WhiteFideId "22235779"]
[BlackFideId "24174041"]
[WhiteElo "2384"]
[BlackElo "2283"]
[Result "1-0"]
[Round "04"]
[TimeControl "180+1"]
[Date "2022.02.08"]
[WhiteClock "0:00:14"]
[BlackClock "0:00:03"]

1. e4 c5 2. Nf3 e6 3. d4 cxd4 4. Nxd4 Nc6 5. Nc3 Nf6 6. Nxc6 bxc6 7. Bd3 d5 8. O-O Be7 9. Qe2 O-O 10. b3 a5 11. Bb2 Qb6 12. Na4 Qa7 13. c4 Ba6 14. Rac1 Rab8 15. Rfd1 Rfd8 16. Be5 Ra8 17. Bb2 dxc4 18. Bxc4 Bxc4 19. Qxc4 Ng4 20. Qe2 Nf6 21. h3 h6 22. Rxd8+ Rxd8 23. Rxc6 Nxe4 24. Qxe4 Rd1+ 25. Kh2 Qxf2 26. Rc8+ Bd8 27. Ba3 Qg1+ 28. Kg3 Rd2 29. Be7 Rxg2+ 30. Qxg2 Qe3+ 31. Kh2 Qe5+ 32. Kh1 Qe1+ 33. Qg1 Qe4+ 34. Kh2 Qe2+ 35. Qg2 Qe5+ 36. Kg1 Qe1+ 37. Qf1 Qg3+ 38. Kh1 Qf3+ 39. Qxf3 1-0


[Site "https://www.chess.com"]

[Event "Early Titled Tuesday Blitz | February 8 2022"]
[White "Matlakov, Maxim"]
[Black "Piesik, Piotr"]
[WhiteFideId "4168003"]
[BlackFideId "1136194"]
[WhiteElo "2661"]
[BlackElo "2232"]
[Result "1-0"]
[Round "04"]
[TimeControl "180+1"]
[Date "2022.02.08"]
[WhiteClock "0:02:05"]
[BlackClock "0:02:22"]

1. Nf3 g6 2. e4 Bg7 3. d4 c6 4. Nbd2 d6 5. Bd3 Nf6 6. c3 O-O 7. O-O Nbd7 8. Re1 e5 9. h3 Qc7 10. Qc2 Re8 11. a4 b6 12. dxe5 dxe5 13. Bc4 Nc5 14. b4 Ne6 15. Nb3 Nf4 16. Ng5 Be6 17. Nxe6 Nxe6 18. Be3 Rad8 19. a5 b5 20. Bxe6 Rxe6 21. Nc5 Red6 22. a6 Ra8 23. Red1 Nd7 24. Rxd6 Qxd6 25. Rd1 1-0


[Site "https://www.chess.com"]

[Event "Early Titled Tuesday Blitz | February 8 2022"]
[White "Maurizzi, Marc`Andria"]
[Black "Lenderman, Aleksandr"]
[WhiteFideId "36083534"]
[BlackFideId "2021285"]
[WhiteElo "2186"]
[BlackElo "2651"]
[Result "1-0"]
[Round "04"]
[TimeControl "180+1"]
[Date "2022.02.08"]
[WhiteClock "0:00:02"]
[BlackClock "0:00:05"]

1. d4 e6 2. Nf3 Nf6 3. g3 b6 4. Bg2 Bb7 5. O-O g6 6. c4 Bg7 7. Nc3 Ne4 8. Bd2 O-O 9. e3 c5 10. d5 exd5 11. cxd5 Nxd2 12. Nxd2 d6 13. Nc4 Ba6 14. Qb3 Nd7 15. Nb5 Bxb5 16. Qxb5 Ne5 17. Nd2 Qe8 18. Qe2 b5 19. b3 f5 20. Rac1 Rc8 21. h3 a6 22. f4 Nd7 23. e4 Nf6 24. Rfe1 fxe4 25. Nxe4 Nxe4 26. Bxe4 Qd7 27. Kg2 Rfe8 28. Qd3 Qc7 29. f5 c4 30. Qf3 Rf8 31. Qg4 g5 32. Qxg5 Kh8 33. Qf4 Be5 34. Qf3 c3 35. Rc2 b4 36. g4 Qe7 37. Rce2 a5 38. Bc2 Qf6 39. Re4 Rg8 40. Kh1 h5 41. Rg1 Rg7 42. Rg2 Rcg8 43. Kg1 Qh6 44. Kf1 hxg4 45. hxg4 Qh1+ 46. Ke2 Rh7 47. Rf2 Qg1 48. Qg2 Qc1 49. Kd3 Rh2 50. Qxh2+ Bxh2 51. Rxh2+ Kg7 52. Re7+ Kf6 53. Re6+ Kg5 54. f6 Qf1+ 55. Rhe2 Rh8 56. Re3 Qxf6 57. Kc4 Qd8 58. Re6 Qc7+ 59. Kd3 Rh3+ 60. R2e3 Qh7+ 61. Kc4 Qxc2 62. Rxh3 Qd2 63. Rh5+ Kxg4 64. Rh8 c2 65. Rg8+ Kf3 66. Rf6+ Ke2 67. Re8+ Qe3 68. Rxe3+ Kxe3 69. Rf1 Kd2 70. Kb5 1-0


[Site "https://www.chess.com"]

[Event "Early Titled Tuesday Blitz | February 8 2022"]
[White "Mejia, Cherry Ann"]
[Black "Bashirli, Saadat"]
[WhiteFideId "5206880"]
[BlackFideId "13429990"]
[WhiteElo "2007"]
[BlackElo "1173"]
[Result "0-1"]
[Round "04"]
[TimeControl "180+1"]
[Date "2022.02.08"]
[WhiteClock "0:00:03"]
[BlackClock "0:00:37"]

1. e4 c5 2. Nc3 g6 3. g3 Bg7 4. d3 Nc6 5. Be3 b6 6. Qd2 e6 7. Bg2 Bb7 8. Nge2 h5 9. h3 Nge7 10. d4 cxd4 11. Nxd4 d5 12. exd5 Nxd5 13. Nxd5 exd5 14. O-O Nxd4 15. Bxd4 O-O 16. Rad1 Qd7 17. Bxg7 Kxg7 18. Bxd5 Rad8 19. Qc3+ Kg8 20. Bxb7 Qxb7 21. Qf6 Rxd1 22. Rxd1 Qe4 23. Qc3 Qf5 24. Kg2 Rc8 25. Qf3 Qxf3+ 26. Kxf3 Rxc2 27. Rd7 a6 28. b3 Rxa2 29. Ra7 Ra3 30. Kf4 a5 31. Kg5 Kg7 32. f4 Rxb3 33. g4 Rxh3 34. f5 gxf5 35. gxh5 f4 36. Rb7 f3 37. Rxb6 f2 38. Rb1 Rg3+ 39. Kh4 Rg1 40. h6+ Kh7 0-1


[Site "https://www.chess.com"]

[Event "Early Titled Tuesday Blitz | February 8 2022"]
[White "Minina, Veronika"]
[Black "Pasini, Nicolo"]
[WhiteFideId "4174780"]
[BlackFideId "2809600"]
[WhiteElo "1850"]
[BlackElo "2065"]
[Result "1-0"]
[Round "04"]
[TimeControl "180+1"]
[Date "2022.02.08"]
[WhiteClock "0:00:08"]
[BlackClock "0:00:01"]

1. Nf3 g6 2. g3 Bg7 3. Bg2 e5 4. d3 Nc6 5. O-O d5 6. c4 Nge7 7. cxd5 Nxd5 8. Nc3 Nde7 9. Bd2 O-O 10. a3 a5 11. Qa4 Bd7 12. Qb3 Qc8 13. Rfe1 Be6 14. Qc2 Nf5 15. Nb5 a4 16. Rac1 Bb3 17. Qc5 Re8 18. Bh3 Bf8 19. Qc3 Be6 20. Bg2 Bg7 21. Qc5 Qd7 22. Qc2 Bb3 23. Qb1 Ra6 24. Nc3 Rb6 25. Ne4 Nfd4 26. Nc5 Qc8 27. Nxd4 Nxd4 28. Bc3 Be6 29. Ne4 Nb3 30. Rcd1 Rc6 31. Bh1 Ra6 32. Nd2 c5 33. Nxb3 Bxb3 34. Rd2 b5 35. e3 Rd8 36. Qc1 Rad6 37. Qb1 Qc7 38. d4 Qb6 39. dxc5 Qxc5 40. Bb4 Rxd2 41. Bxc5 Rd1 42. Bb4 Rxb1 43. Rxb1 f5 44. Bc6 e4 45. Bxb5 Rd1+ 46. Rxd1 Bxd1 47. Bc4+ Kh8 48. Kf1 Bxb2 49. Ke1 Bc2 50. Kd2 Bb3 51. Bb5 Bf6 52. Bc6 Kg7 53. h4 Kf7 54. Bc5 Bb2 55. Bb4 1-0


[Site "https://www.chess.com"]

[Event "Early Titled Tuesday Blitz | February 8 2022"]
[White "Mirzanurov, Bulat"]
[Black "Brunner, Nicolas"]
[WhiteFideId "4184521"]
[BlackFideId "620246"]
[WhiteElo "2116"]
[BlackElo "2372"]
[Result "0-1"]
[Round "04"]
[TimeControl "180+1"]
[Date "2022.02.08"]
[WhiteClock "0:00:03"]
[BlackClock "0:00:51"]

1. e4 e5 2. Nf3 Nc6 3. Bc4 Nf6 4. d3 Be7 5. O-O O-O 6. Re1 d6 7. c3 Na5 8. Bb5 a6 9. Ba4 b5 10. Bc2 c5 11. Nbd2 Nc6 12. Nf1 Re8 13. Ng3 Bf8 14. h3 g6 15. Bg5 h6 16. Be3 d5 17. Qd2 Kh7 18. exd5 Nxd5 19. Ne4 Nxe3 20. Qxe3 Qe7 21. Qd2 f5 22. Ng3 Bg7 23. d4 cxd4 24. cxd4 e4 25. Nxe4 fxe4 26. Bxe4 Qd6 27. Rac1 Bb7 28. Qc2 Nb4 29. Qb1 Bxe4 30. Rxe4 Qd5 31. Rxe8 Rxe8 32. a3 Nc6 33. Rc5 Qd6 34. Qc1 Nxd4 35. Nxd4 Qxd4 36. Rc2 Rf8 37. Rd2 Qe5 38. Qf1 h5 39. Re2 Qd4 40. g3 Rf7 41. Kg2 Qd5+ 42. Kg1 Bd4 43. h4 Qf3 44. Rd2 Qxg3+ 45. Kh1 Qxh4+ 46. Kg2 Qg4+ 47. Kh2 Qf4+ 48. Kg2 Qxd2 49. Kh2 Rxf2+ 50. Kh3 Rxf1 51. Kh4 Qf4+ 52. Kh3 Rf2 53. b4 Rh2# 0-1


[Site "https://www.chess.com"]

[Event "Early Titled Tuesday Blitz | February 8 2022"]
[White "Mirzoev, Azer"]
[Black "Bettalli, Francesco"]
[WhiteFideId "13400304"]
[BlackFideId "2816453"]
[WhiteElo "2525"]
[BlackElo "2216"]
[Result "1-0"]
[Round "04"]
[TimeControl "180+1"]
[Date "2022.02.08"]
[WhiteClock "0:01:23"]
[BlackClock "0:01:01"]

1. c4 c5 2. Nc3 g6 3. g3 Bg7 4. Bg2 Nc6 5. a3 d6 6. Rb1 e6 7. b4 Nge7 8. bxc5 dxc5 9. Bb2 O-O 10. h4 h6 11. Nf3 b6 12. d3 Bb7 13. Ne4 Nf5 14. Bxg7 Kxg7 15. Qc1 Qe7 16. Qb2+ e5 17. O-O Rad8 18. Nc3 Ncd4 19. Nd5 Bxd5 20. cxd5 Nxf3+ 21. Bxf3 Nd4 22. Bg2 Qf6 23. Rfc1 g5 24. hxg5 hxg5 25. e3 Nf5 26. a4 Rh8 27. a5 Rh6 28. axb6 axb6 29. Ra1 g4 30. Ra6 Rdh8 31. Rxc5 Rh2 32. Qe2 Qg5 33. Rc4 Nh6 34. Kxh2 Qh5+ 35. Kg1 f5 36. Ra7+ Nf7 37. Rcc7 1-0


[Site "https://www.chess.com"]

[Event "Early Titled Tuesday Blitz | February 8 2022"]
[White "Mohammad Fahad, Rahman"]
[Black "Buscar, Michael"]
[WhiteFideId "10207791"]
[BlackFideId "2603616"]
[WhiteElo "2323"]
[BlackElo "2010"]
[Result "1-0"]
[Round "04"]
[TimeControl "180+1"]
[Date "2022.02.08"]
[WhiteClock "0:02:09"]
[BlackClock "0:01:52"]

1. e4 e5 2. Nf3 Nf6 3. d4 Nxe4 4. Bd3 d5 5. Nxe5 Be7 6. O-O O-O 7. Nc3 f5 8. Nxd5 Bd6 9. Nf4 Kh8 10. Nfg6+ hxg6 11. Nxg6+ Kg8 12. Bc4+ Rf7 13. Qh5 1-0


[Site "https://www.chess.com"]